 Dungeon Crawl Stone Soup version 0.29.1-1-gd02db6906a (webtiles) character file.

Game seed: 16654553086106357294

471 Anriel the Firebug (level 6, 0/45 HPs)
             Began as a Demigod Fire Elementalist on Oct 19, 2022.
             Slain by a lemure (7 damage)
             ... led by Pikel
             ... on level 3 of the Dungeon.
             The game lasted 00:25:24 (3261 turns).

Anriel the Firebug (Demigod Fire Elementalist)      Turns: 3261, Time: 00:25:25

Health: 0/45       AC:  6    Str:  8 (9)  XL:     6   Next: 52%
Magic:  6/14       EV: 13    Int: 28 (31) God:
Gold:   148        SH:  0    Dex: 12 (14) Spells: 1/11 levels left

rFire   . . .      SeeInvis .   (no weapon)
rCold   . . .      Faith    .   (no shield)
rNeg    . . .      Spirit   .   g - +0 robe
rPois   +          Reflect  .   (no helmet)
rElec   .          Harm     .   (no cloak)
rCorr   .          Rampage  .   i - +0 pair of gloves
Will    .....                   f - +2 pair of boots
Stlth   ++........              (no amulet)
HPRegen 0.15/turn               d - ring of poison resistance
MPRegen 0.14/turn               l - +6 ring of intelligence

@: no status effects
A: high MP 1, forlorn, divine attributes
a: no special abilities


You were on level 3 of the Dungeon.
You visited 1 branch of the dungeon, and saw 4 of its levels.

You collected 148 gold pieces.

Inventory:

Armour
 f - a +2 pair of boots (worn)
 g - a +0 robe (worn)
 i - a +0 pair of gloves (worn)
Jewellery
 d - a ring of poison resistance (left hand)
 l - a +6 ring of intelligence (right hand)
 n - a ring of protection from cold
 o - a ring of positive energy
Wands
 b - a wand of polymorph (1)
Scrolls
 c - 4 scrolls of identify


   Skills:
 + Level 0.2 Fighting
 * Level 3.4 Dodging
 + Level 2.2 Stealth
 + Level 3.4 Spellcasting
 + Level 2.5 Conjurations
 + Level 4.5 Fire Magic


You had one spell level left.
You knew the following spells:

 Your Spells              Type           Power      Damage    Failure   Level
a - Foxfire               Conj/Fire      96%        2x1d8     1%          1
b - Scorch                Fire           60%        2d8       1%          2
c - Conjure Flame         Conj/Fire      24%        6-21      5%          3
d - Sticky Flame          Conj/Fire      24%        2d5       19%         4

Your spell library contained the following spells:

 Spells                   Type           Power      Damage    Failure   Level
 Slow                     Hex            16%        N/A       8%          1
 Inner Flame              Hex/Fire       17%        N/A       10%         3
 Dazzling Flash           Conj/Hex       24%        N/A       14%         3
 Flame Wave               Conj/Fire      24%        2d8       19%         4
 Iskenderun's Mystic Bla  Conj/Tloc      12%        2d5       43%         4
 Silence                  Hex/Air        2%         N/A       91%         5
 Starburst                Conj/Fire      12%        6d5       96%         6


Dungeon Overview and Level Annotations

Branches:
Dungeon (4/15)             Temple (0/1) D:4

Shops:
D:4 (

Annotations:
D:4 Dowan, Duvessa, Menkaure, Pikel


Innate Abilities, Weirdness & Mutations

You have an increased reservoir of magic. (+10% MP)
You shall have no god before yourself.
Your divine heritage dramatically boosts your attributes as you level up.


Message History

The lemure attacks as you move away! The lemure closely misses you.
Casting: Scorch (safe; 1% risk of failure)
Confirm with . or Enter, or press ? or * to list all spells.
You miscast Scorch.
You are very lightly contaminated with residual magic.
Nothing appears to happen.
The lemure misses you.
Casting: Scorch (safe; 1% risk of failure)
Confirm with . or Enter, or press ? or * to list all spells.
Flames lash the lemure.
The lemure is burned terribly!
You kill the lemure!
That felt strangely unrewarding.
The lemure hits you.
* * * LOW HITPOINT WARNING * * *
Casting: Scorch (safe; 1% risk of failure)
Confirm with . or Enter, or press ? or * to list all spells.
Okay, then.
You aren't carrying any potions.
Unknown command.
You aren't carrying any potions.
As you read the scroll of butterflies, it crumbles to dust.
You hear the tinkle of a tiny bell.
The lemure hits you.
* * * LOW HITPOINT WARNING * * *
You swap places.
The lemure barely misses your butterfly.
You swap places.
The lemure hits your butterfly.
Your butterfly dies!
Your butterfly disappears in a burst of colours!
The lemure barely misses your butterfly.
The lemure hits your butterfly.
Your butterfly dies!
Your butterfly disappears in a burst of colours!
Your magical contamination has completely faded away.
You swap places.
The lemure attacks as you move away! The lemure barely misses you.
The lemure attacks as you move away! The lemure barely misses you.
The lemure attacks as you move away! The lemure closely misses you.
Your butterfly disappears in a burst of colours!
The lemure attacks as you move away! The lemure hits you.
* * * LOW HITPOINT WARNING * * *
The lemure attacks as you move away! The lemure hits you!
You die...

#...# #..# #....#.........#
#...# #..# #..........#.#.#
#...# #..# #....#.#.#.#.#.#
#...###..# #....#.#.#.#.#..
#........# #....#.#.#.#.#..
#...###..# #....#.#.#.#.#..
#.#......## ##.###...#.#.#..
#.#.......########.#######.#.#..
#.#.........5.5@.<.....#######.#
#.#.#####.########.#####.....#.#
#.#.# #.# #.# #..♣..#.# #.#.#
#.# ####.### #.♣.♣)'.# #.#.# #.#
#......# #..♣..#.. #.#.#####.#
#......# #.....###
#.#.....#.#####......# #########
#.##......#...#......# #.....
#.##..>...#...#......# #.....


You could see 2 lemures.

Vanquished Creatures
  Grinder (D:4)
  An ogre (D:4)
  A lemure (D:3)
  Ijyb (D:3)
  Robin (D:4)
  3 gnolls (D:2)
  5 adders
  A worm (D:4)
  An orc (D:3)
  7 ball pythons
  6 endoplasms
  4 giant cockroaches
  13 goblins
  5 hobgoblins
  8 jackals
  3 quokkas
  A bat (D:3)
  3 frilled lizards
  8 kobolds
  4 rats
77 creatures vanquished.

Vanquished Creatures (others)
  223 foxfires
223 creatures vanquished.

Grand Total: 300 creatures vanquished

Notes
Turn   | Place    | Note
-------+----------+-------------------------------------------
     0 | D:1      | Anriel the Demigod Fire Elementalist began the quest for
                  | the Orb.
     0 | D:1      | Reached XP level 1. HP: 14/14 MP: 5/5
   173 | D:1      | Reached skill level 3 in Fire Magic
   246 | D:1      | Reached XP level 2. HP: 18/20 MP: 0/7
   483 | D:1      | Learned a level 2 spell: Scorch
  1019 | D:2      | Reached skill level 1 in Conjurations
  1019 | D:2      | Reached XP level 3. HP: 20/26 MP: 2/8
  1242 | D:2      | Reached XP level 4. HP: 30/33 MP: 3/10
  1391 | D:2      | You fall into a shaft and drop 1 floor!
  1437 | D:3      | Got the Folio of the Blistering Oath
  2170 | D:3      | Noticed Ijyb
  2301 | D:3      | Killed Ijyb
  2427 | D:4      | Found Cominn's Weapon Shop.
  2503 | D:4      | Noticed Menkaure
  2503 | D:4      | Noticed an ogre
  2517 | D:4      | Killed an ogre
  2518 | D:4      | Reached skill level 4 in Fire Magic
  2518 | D:4      | Reached XP level 5. HP: 38/38 MP: 1/12
  2621 | D:4      | Noticed Grinder
  2631 | D:4      | Paralysed by Grinder for 5 turns
  2643 | D:4      | Killed Grinder
  2644 | D:4      | Reached XP level 6. HP: 18/45 MP: 2/14
  2747 | D:4      | Noticed Robin
  3087 | D:4      | Learned a level 3 spell: Conjure Flame
  3092 | D:4      | Learned a level 4 spell: Sticky Flame
  3127 | D:4      | Noticed Pikel
  3128 | D:4      | Killed Robin
  3211 | D:4      | Noticed Duvessa
  3211 | D:4      | Noticed Dowan
  3261 | D:3      | Slain by a lemure

Illustrated notes

Levels and vault maps discovered:
D:1:      dpeg_arrival_rooms_b, layout_rooms, chequers_ecumenical_altar_grove,
          minmay_heptomino_o4
D:2:      layout_rooms, minmay_tripent
D:3:      layout_basic, hangedman_decor_points, kennysheep_generic_room_13,
          uniq_ijyb
D:4:      layout_rooms, minmay_temple_entry_mist, serial_shops,
          nicolae_shop_waterfront, nicolae_specific_store, uniq_duvessa,
          uniq_grinder, uniq_robin, uniq_menkaure, uniq_pikel

Skill      XL: |  1  2  3  4  5 |
---------------+----------------+-----
Dodging        | 2 3 |  3.4
Fire Magic     | 3 4 |  4.5
Spellcasting   | 2 3 |  3.4
Conjurations   | 1 2 |  2.5
Stealth        | 2 |  2.2
Fighting       | |  0.2

Action                   |  1- 3 |  4- 6 || total
-------------------------+-------+-------++-------
Melee: Unarmed           |     3 |     8 ||    11
       Punch             |     1 |       ||     1
 Cast: Foxfire           |    51 |    80 ||   131
       Scorch            |     2 |    20 ||    22
  Use: Potion            |       |     3 ||     3
       Scroll            |       |     6 ||     6
Armor: Robe              |     6 |    28 ||    34
       Skin              |       |    44 ||    44
Dodge: Dodged            |    25 |   165 ||   190
